 Dungeon Crawl Stone Soup version 0.21-a0-210-gbfa5647 (webtiles) character file.

37 Gorglomux the Skirmisher (level 3, -1/34 HPs)
             Began as a Hill Orc Abyssal Knight on Aug 21, 2017.
             Was a Believer of Lugonu.
             Slain by a quokka (3 damage)
             ... on level 1 of the Dungeon.
             The game lasted 00:02:25 (724 turns).

Gorglomux the Skirmisher (Hill Orc Abyssal Knight)   Turns: 724, Time: 00:02:25

Health: -1/34      AC:  3    Str: 15    XL:     3   Next: 39%
Magic:  13/13      EV: 11    Int: 12    God:    Lugonu [**....]
Gold:   37         SH:  0    Dex: 10    Spells: 2/2 levels left

rFire    . . .     SeeInvis .   a - +1 hand axe
rCold    . . .     Gourm    .   (no shield)
rNeg     . . .     Faith    .   b - +0 leather armour
rPois    .         Spirit   .   (no helmet)
rElec    .         Reflect  .   (no cloak)
rCorr    .         Harm     .   (no gloves)
MR       .....                  (no boots)
Stlth    +.........             (no amulet)
HPRegen  0.11/turn              f - ring of magical power
MPRegen  0.13/turn              (no ring)

@: no status effects
A: no striking features
a: Depart the Abyss, Bend Space, Renounce Religion


You were on level 1 of the Dungeon.
You worshipped Lugonu.
Lugonu was pleased with you.
You were not hungry.

You visited 1 branch of the dungeon, and saw 2 of its levels.
You visited the Abyss 1 time.

You collected 37 gold pieces.

Inventory:

Hand Weapons
 a - a +1 hand axe (weapon)
Armour
 b - a +0 leather armour (worn)
Jewellery
 f - a ring of magical power (left hand)
Scrolls
 e - a scroll of recharging {unknown}
Potions
 g - 2 potions of agility {unknown}
 A - a potion of haste {unknown}
 C - a potion of flight {unknown}
Comestibles
 c - 3 bread rations
 h - a royal jelly
 z - a meat ration
 B - 3 chunks of flesh


   Skills:
 + Level 4.6 Fighting
 + Level 3.8 Axes
 - Level 2.1 Armour
 - Level 0.7 Dodging
 - Level 2.4 Invocations


You had 2 spell levels left.
You didn't know any spells.

Dungeon Overview and Level Annotations

Branches:
Dungeon (2/15)

Altars:


Message History

The quokka bites you but does no damage!
You barely miss the quokka!
The quokka is heavily wounded!
The quokka bites you! * * * butt't die
* * * The quokka bites you! * * * don't die
* * * You closely miss the quokka!
The quokka is heavily wounded!
The quokka closely misses you!
You barely miss the quokka!
The quokka is heavily wounded!
The quokka bites you! * * * don't die
* * * You closely miss the quokka!
The quokka is heavily wounded!
The quokka bites you! * * * butt't die
* * * The quokka bites you! rip

#..# #......> #..##
#....... ##..# #.......
#..######### #.......
#..##......# #.......
#..##......# #.......
#..##......# ##......
#...#......#########......
#.#.#....@.......##...####
#.#.#....r.#####..........
#.#.........#######.#.####
#.###.........)###..#.# ##
#.# #......###..#..##.###.
#.# ###.#######...........
#.## #.# #......##.###.
#..# #.#####^...####.# #.
##.# #.......##..# #.# #(


You could see a quokka.

Vanquished Creatures
  An ooze (D:1)
  3 dart slugs (D:1)
  6 bats (D:1)
  A giant cockroach (D:1)
  4 goblins
  3 hobgoblins
  A jackal (D:2)
  A frilled lizard (D:1)
  2 kobolds (D:1)
  2 rats (D:1)
24 creatures vanquished.

Notes
Turn   | Place    | Note
-------+----------+-------------------------------------------
     0 | Abyss:1  | Gorglomux the Hill Orc Abyssal Knight began the quest for the Orb.
     0 | Abyss:1  | Reached XP level 1. HP: 19/19 MP: 2/2
    12 | D:1      | Escaped the Abyss
    63 | D:1      | Reached skill level 3 in Axes
    73 | D:1      | Reached XP level 2. HP: 18/27 MP: 3/3
   123 | D:1      | Reached skill level 4 in Fighting
   336 | D:1      | Reached XP level 3. HP: 26/34 MP: 4/4
   476 | D:1      | Reached ** piety under Lugonu
   724 | D:1      | Slain by a quokka

Vault maps used:
D:1:      roderic_crossed_star
D:2:      fiery_altar_vehumet, nicolae_overflow_crystal_walls,
          lightli_temple_of_fire, serial_forest, infiniplex_forest_straight_2,
          infiniplex_forest_end_3, infiniplex_forest_end_3,
          infiniplex_forest_straight_5, infiniplex_forest_clump_tiny,
          infiniplex_forest_corner_1, infiniplex_forest_clump_curved

Skill      XL: |  1  2 |
---------------+-------+-----
Axes           | 3 |  3.8
Fighting       | 4 |  4.6
Armour         | |  2.1
Dodging        | |  0.7
Invocations    | |  2.4

Action                   || total
-------------------------++-------
Melee: Hand axe          ||    84
Armor: Leather armour    ||    38
Dodge: Dodged            ||    68

Table legend:
 A = Spawn XP
 B = Non-spawn XP
 C = Spawn XP percentage of total XP
 D = Spawn monster count
 E = Non-spawn monster count
 F = Spawn count percentage of total count
 G = Total turns spent on level
                    A         B        C        D         E        F      G
               +---------+---------+-------+---------+---------+-------+---------
         Total |       2 |      51 |   3.8 |       2 |      22 |   8.3 |   724
               +---------+---------+-------+---------+---------+-------+---------
           D:1 |       2 |      43 |   4.4 |       2 |      18 |  10.0 |   641
           D:2 |       0 |       8 |   0.0 |       0 |       4 |   0.0 |    71
               +---------+---------+-------+---------+---------+-------+---------
